 Dungeon Crawl Stone Soup version 0.19.1 (webtiles) character file.

233 Alarkh the Grave Robber (level 5, -4/35 HPs)
             Began as a Mummy Necromancer on Dec 6, 2016.
             Slain by a mummy (18 damage)
             ... in an ossuary on Dec 8, 2016.
             The game lasted 00:05:20 (2230 turns).

Alarkh the Grave Robber (Mummy Necromancer)         Turns: 2230, Time: 00:05:21

Health: -4/35      AC:  2    Str: 11    XL:     5   Next: 74%
Magic:  3/11       EV: 12    Int: 15    God:
Gold:   129        SH:  0    Dex: 13    Spells: 3 memorised, 4 levels left

rFire  x . .     SeeInvis .     f - -1 mace (curse)
rCold  + . .     Gourm    .     a - +0 robe
rNeg   + + +     Faith    .     (no shield)
rPois  ∞         Spirit   .     (no helmet)
rElec  .         Reflect  .     (no cloak)
rCorr  .         Harm     .     (no gloves)
MR     .....                    (no boots)
Stlth  ++........               k - amulet of magic regeneration
                                (no ring)
                                (no ring)

@: very slightly contaminated
A: no food or potions, fire vulnerability, cold resistance 1, negative energy
resistance 3, torment resistance, unbreathing
a: no special abilities


You were in an ossuary.
You were not hungry.

You visited 1 branch of the dungeon, and saw 4 of its levels.
You also visited: Ossuary.

You collected 129 gold pieces.

Inventory:

Hand Weapons
 c - a +0 dagger
 f - a cursed -1 mace (weapon)
Armour
 a - a +0 robe (worn)
 h - a cursed +0 ring mail
Jewellery
 k - an amulet of magic regeneration (around neck)
Wands
 o - a wand of paralysis (4/24)
Scrolls
 d - 2 scrolls of enchant weapon
 e - a scroll of identify
 g - a scroll of teleportation
 i - a scroll of random uselessness {unknown}
 j - a scroll of recharging {unknown}
 l - a scroll of magic mapping {unknown}
 m - a scroll of remove curse {unknown}
Books
 b - a book of Necromancy

   Spells                             Type                      Level
   a - Pain                           Necromancy                   1
   b - Animate Skeleton               Necromancy                   1
   c - Vampiric Draining              Necromancy                   3
   d - Regeneration                   Charms/Necromancy            3
   e - Animate Dead                   Necromancy                   4
   f - Control Undead                 Necromancy                   4
 n - a book of Changes

   Spells                             Type                      Level
   a - Beastly Appendage              Transmutation                1
   b - Sticks to Snakes               Transmutation                2
   c - Spider Form                    Transmutation/Poison         3
   d - Ice Form                       Ice/Transmutation            4
   e - Blade Hands                    Transmutation                5


   Skills:
 + Level 1.7 Dodging
 + Level 1.9 Stealth
 + Level 4.1 Spellcasting
 + Level 5.5 Necromancy


You had 4 spell levels left.
You knew the following spells:

 Your Spells              Type           Power        Failure   Level  Hunger
a - Pain                  Necr           ###.         1%          1    N/A
b - Vampiric Draining     Necr           ###.......   6%          3    N/A
c - Control Undead        Necr           ###.......   21%         4    N/A

Dungeon Overview and Level Annotations

Branches:
Dungeon (4/15)
 Temple: D:4-7

Altars:
Dithmenos
Uskayaw
Yredelemnul

Annotations:
D:4 Pikel


Innate Abilities, Weirdness & Mutations

You do not eat or drink.
Your flesh is vulnerable to fire.
You are immune to poison.
Your flesh is cold resistant. (rC+)
You are immune to negative energy. (rN+++)
You are immune to unholy pain and torment.
You can survive without breathing.


Message History

Confirm with . or Enter, or press ? or * to list all spells.
Your mummy submits to your will.
The mummy resists with almost no effort.
Your mummy submits to your will.
You swap places.
You swap places.
Your magical contamination has completely faded away.
You start resting.
You feel a bit more experienced.
You start resting.
Casting: Control Undead
Confirm with . or Enter, or press ? or * to list all spells.
You miscast Control Undead.
You are very lightly contaminated with residual magic.
Nothing appears to happen.
You hit the mummy.
The mummy is severely damaged.
The mummy hits you!!
Ouch! That really hurt!
You die...

################
##........M.....##
##......####......##
#......##..##M.M@..#
#.....##....##.....#
#.......MM.........#
##..........M.....##
##..............##
#+##........##+#
##......## ##....##
#....#


You could see 2 mummies and 2 friendly mummies.

Vanquished Creatures
  A howler monkey (D:3)
  A hound (D:4)
  A worker ant (D:3)
  2 mummies (Ossuary)
  3 adders
  2 oozes (D:1)
  5 worms
  3 dart slugs
  3 leopard geckos
  4 orcs (D:4)
  6 bats
  3 giant cockroaches (D:1)
  7 goblins
  4 hobgoblins
  4 jackals (D:2)
  5 kobolds
  A quokka (D:3)
  2 ball pythons
  2 frilled lizards (D:2)
  A gnoll zombie (Ossuary)
  2 hobgoblin zombies (Ossuary)
  A kobold zombie (Ossuary)
  An orc zombie (Ossuary)
  8 rats
72 creatures vanquished.

Vanquished Creatures (collateral kills)
  2 mummies (Ossuary)
  A kobold zombie (Ossuary)
  2 orc zombies (Ossuary)
5 creatures vanquished.

Grand Total: 77 creatures vanquished

Notes
Turn   | Place    | Note
-------+----------+-------------------------------------------
     0 | D:1      | Alarkh the Mummy Necromancer began the quest for the Orb.
     0 | D:1      | Reached XP level 1. HP: 13/13 MP: 3/3
   247 | D:1      | Reached XP level 2. HP: 18/19 MP: 1/5
   535 | D:1      | Reached XP level 3. HP: 24/24 MP: 3/6
  1047 | D:2      | Reached XP level 4. HP: 19/30 MP: 3/8
  1085 | D:2      | Learned a level 3 spell: Vampiric Draining
  1090 | D:2      | Learned a level 4 spell: Control Undead
  1105 | D:2      | Reached skill level 5 in Necromancy
  1179 | D:2      | Found a hide-covered altar of Uskayaw.
  1579 | D:3      | Found a shadowy altar of Dithmenos.
  1853 | D:3      | Reached XP level 5. HP: 27/35 MP: 3/10
  2044 | D:4      | Noticed Pikel
  2044 | D:4      | Noticed a slave
  2044 | D:4      | Noticed a slave
  2044 | D:4      | Noticed a slave
  2047 | D:4      | Noticed a slave
  2090 | D:4      | Found a basalt altar of Yredelemnul.
  2129 | D:4      | Found a sand-covered staircase.
  2134 | Ossuary  | Entered an ossuary
  2230 | Ossuary  | Slain by a mummy

Skill      XL: |  1  2  3  4  5 |
---------------+----------------+-----
Necromancy     | 5 |  5.5
Spellcasting   | 3 4 |  4.1
Dodging        | |  1.7
Stealth        | |  1.9

Action                   |  1- 3 |  4- 6 || total
-------------------------+-------+-------++-------
Melee: Dagger            |     5 |       ||     5
       Mace              |    25 |     4 ||    29
 Cast: Pain              |    49 |    90 ||   139
       Vampiric Draining |       |     2 ||     2
       Control Undead    |       |     5 ||     5
  Use: Scroll            |     1 |     1 ||     2
 Stab: Sleeping          |     3 |       ||     3
Armor: Robe              |     7 |     6 ||    13
Dodge: Dodged            |    25 |    29 ||    54
